 Dungeon Crawl Stone Soup version 0.28.0-1-gb440e238dd (webtiles) character file.

Game seed: 3385761030337124668

42 fragbeetle the Chopper (level 3, -4/31 HPs)
             Began as a Minotaur Monk on Feb 25, 2022.
             Slain by Natasha (6 damage)
             ... on level 2 of the Dungeon.
             The game lasted 00:01:12 (1421 turns).

fragbeetle the Chopper (Minotaur Monk)              Turns: 1421, Time: 00:01:12

Health: -4/31      AC:  2    Str: 17    XL:     3   Next: 33%
Magic:  2/2        EV: 12    Int:  7    God:
Gold:   41         SH:  0    Dex: 12    Spells: 2/2 levels left

rFire   . . .      SeeInvis .   i - +2 whip (drain)
rCold   . . .      Faith    .   (no shield)
rNeg    . . .      Spirit   .   b - +0 robe
rPois   .          Reflect  .   (helmet restricted)
rElec   .          Harm     .   (no cloak)
rCorr   .          Rampage  .   (no gloves)
Will    .....                   (no boots)
Stlth   ++........              (no amulet)
HPRegen 0.10/turn               (no ring)
MPRegen 0.08/turn               (no ring)

@: no status effects
A: horns 2, retaliatory headbutt
a: no special abilities


You were on level 2 of the Dungeon.
You visited 1 branch of the dungeon, and saw 2 of its levels.

You collected 41 gold pieces.

Inventory:

Hand Weapons
 a - a +0 hand axe
 i - a +2 whip of draining (weapon)
Missiles
 j - 5 poisoned darts (quivered)
Armour
 b - a +0 robe (worn)
Scrolls
 d - a scroll of amnesia {unknown}
 e - a scroll of torment {unknown}
 f - a scroll of teleportation {unknown}
 g - 3 scrolls of identify {unknown}
Potions
 c - 3 potions of curing {unknown}
 h - a potion of magic {unknown}


   Skills:
 - Level 3.6 Fighting
 + Level 5.4 Axes
 - Level 3.2 Dodging
 - Level 1.5 Stealth


You had 2 spell levels left.
You didn't know any spells.
Your spell library was empty.

Dungeon Overview and Level Annotations

Branches:
Dungeon (2/15)

Altars:

Annotations:
D:2 Natasha


Innate Abilities, Weirdness & Mutations

You have a pair of horns on your head.
You reflexively headbutt those who attack you in melee.


Message History

You now have 41 gold pieces (gained 15).
You open the large door.
A hobgoblin and a kobold come into view.
Found an emerald potion, a dagger, a fuming green potion and a coppery potion.
Natasha, Servant of Life and Death comes into view.
Natasha hisses angrily.
There is a large open door here.
You enter the shallow water.
Moving in this stuff is going to be slow.
The kobold shouts!
The kobold hits you with a +0 dagger.
You hit the kobold but do no damage. You drain the kobold.
You headbutt the kobold, but do no damage.
The kobold is severely wounded.
The kobold hits you with a +0 dagger.
You hit the kobold.
You kill the kobold!
Your life force feels restored.
Your unstable footing causes you to fumble your attack.
The hobgoblin hits you.
Your unstable footing causes you to fumble your attack.
The hobgoblin barely misses you.
You hit Natasha. You drain Natasha. Your punch misses Natasha.
Natasha is moderately wounded.
Natasha claws you. The hobgoblin misses you.
You are too injured to fight recklessly!
You are too injured to fight recklessly!
The hobgoblin hits you but does no damage.
You hit the hobgoblin. You drain the hobgoblin.
You kill the hobgoblin!
Natasha claws you.
You barely miss Natasha. You headbutt Natasha!
Natasha is almost dead.
Natasha stares at you and mumbles some strange words.
The magic dart hits you!
* * * LOW HITPOINT WARNING * * *
You barely miss Natasha.
Natasha is almost dead.
Natasha claws you.
You die...

#.#### ##########
........ #≈≈≈≈≈≈≈≈#
#.##.##. #≈......≈#
#.##.##. #≈.###..≈#
##.##.##. #≈.#!!#.≈#
#.....##.
#≈.#.)#.≈####..#..##.
#≈..###.≈#........##.
#≈.)@..!≈#...........
#≈≈h†.≈≈≈#...........
####''####.#.....#.##
#...##.#.......#.##
#.#....#.#.#.......
#.#......#.#...#.##
..######.#.#...#.#.
### ### #.......
##..#.#.


You could see Natasha (drained).

Vanquished Creatures
  A worm (D:2)
  2 dart slugs (D:1)
  An endoplasm (D:1)
  2 giant cockroaches (D:1)
  2 goblins (D:1)
  4 hobgoblins
  10 jackals (D:1)
  2 kobolds
  A bat (D:1)
  A frilled lizard (D:1)
  3 rats (D:1)
29 creatures vanquished.

Notes
Turn   | Place    | Note
-------+----------+-------------------------------------------
     0 | D:1      | fragbeetle the Minotaur Monk began the quest for the Orb.
     0 | D:1      | Reached XP level 1. HP: 19/19 MP: 0/0
   234 | D:1      | Reached skill level 4 in Axes
   265 | D:1      | Reached XP level 2. HP: 17/26 MP: 1/1
   892 | D:1      | Reached skill level 5 in Axes
   897 | D:1      | Reached XP level 3. HP: 16/31 MP: 2/2
  1411 | D:2      | Noticed Natasha
  1421 | D:2      | Slain by Natasha

Illustrated notes

Levels and vault maps discovered:
D:1:      minmay_arrival_doors, layout_basic, hangedman_feature_mirror
D:2:      layout_basic, kennysheep_generic_room_7, uniq_natasha

Skill      XL: |  1  2 |
---------------+-------+-----
Axes           | 4 5 |  5.4
Fighting       | |  3.6
Dodging        | |  3.2
Stealth        | |  1.5

Action                   || total
-------------------------++-------
Melee: Hand axe          ||    53
       Headbutt          ||    10
       Whip              ||    10
Armor: Robe              ||    17
Dodge: Dodged            ||    53
